AoeStats
← AaddeEcktEckte

Arabia

510380873Analyzed
1v1 RM · 1d ago on Sep 30, 2026· 73m 52s· 2 players
Game mode
Random Map
Map size
Tiny (2 player)
Population
200
Speed
Normal
Resources
Standard
Victory
Conquest
Starting age
Dark Age
Ending age
Imperial Age
RankedLock teamsTeams togetherTeam positionsShared explorationLock speedFull tech treeHidden civsTurbo modeCheats
Victory
Defeat
🇳🇱 Mongols · Netherlands
635
+18
🇩🇪 Vietnamese · Germany
676
-18
AaddeEcktEckte
7:41 Loom
9:31 Loom
12:10 Feudal Age
14:14 Horse Collar
17:24 Castle Age
17:20 Fletching
19:50 Double-Bit Axe
20:14 Bodkin Arrow
23:17 Husbandry
27:50 Bloodlines
28:42 Padded Archer Armor
31:00 Scale Barding Armor
31:35 Wheelbarrow
36:28 Leather Archer Armor
51:15 Elite Skirmisher
anarchistoctopus
10:58 Feudal Age
11:57 Double-Bit Axe
13:41 Horse Collar
14:38 Gold Mining
16:44 Arson
19:42 Wheelbarrow
19:56 Padded Archer Armor
19:47 Fletching
24:37 Castle Age
26:01 Crossbowman
27:09 Pikeman
27:59 Bodkin Arrow
28:19 Leather Archer Armor
28:45 Scale Mail Armor
29:59 Bow Saw
31:20 Hand Cart
34:56 Thumb Ring
35:00 Squires
38:15 Chatras
49:42 Gold Mining
69:47 Town Watch
Connection lost

Rejoining the realm…

Still unreachable

The connection could not be restored.

Session expired

The server has moved on; the page needs a fresh start.